 Dungeon Crawl Stone Soup version 0.23.0 (webtiles) character file.

Game seed: 2845569563436053329

853 Infinimo the Skirmisher (level 7, 0/56 HPs)
             Began as a Demonspawn Berserker on Feb 11, 2019.
             Was a Priest of Trog.
             Slain by a jackal (2 damage)
             ... on level 5 of the Dungeon.
             The game lasted 00:05:29 (5123 turns).

Infinimo the Skirmisher (Demonspawn Berserker)      Turns: 5123, Time: 00:05:30

Health: 0/56       AC:  4    Str: 20    XL:     7   Next: 70%
Magic:  7/7        EV: 12    Int:  8    God:    Trog [***...]
Gold:   173        SH:  0    Dex: 15    Spells: 6/6 levels left

rFire    . . .     SeeInvis .   n - +1 long sword
rCold    . . .     Gourm    .   (no shield)
rNeg     . . .     Faith    .   b - +0 animal skin
rPois    .         Spirit   .   (no helmet)
rElec    .         Reflect  .   (no cloak)
rCorr    .         Harm     .   (no gloves)
MR       .....                  (no boots)
Stlth    +.........             (no amulet)
HPRegen  0.18/turn              (no ring)
MPRegen  0.10/turn              i - +3 ring of dexterity

@: lethally poisoned (0 -> -1), berserk cooldown, slowed, very slow
A: claws 2, molten scales 1, demonic guardian 1
a: Berserk, Trog's Hand, Renounce Religion


You were on level 5 of the Dungeon.
You worshipped Trog.
Trog was most pleased with you.
You were very hungry.

You visited 1 branch of the dungeon, and saw 5 of its levels.

You collected 173 gold pieces.

Inventory:

Hand Weapons
 n - a +1 long sword (weapon)
Armour
 b - a +0 animal skin (worn)
Jewellery
 i - a +3 ring of dexterity (right claw)
Wands
 h - a wand of acid (10)
Scrolls
 e - a scroll of immolation
 l - 5 scrolls of fear
 m - a scroll of remove curse
Potions
 d - a potion of lignification
 f - a potion of heal wounds
 g - a potion of magic
 j - 3 potions of haste
 k - 3 potions of curing
 o - a potion of flight {unknown}
 q - a potion of degeneration
 s - 2 potions of might
Comestibles
 c - 3 rations


   Skills:
 + Level 5.2 Fighting
 - Level 3.7 Long Blades
 + Level 4.2 Armour
 - Level 1.7 Dodging
 * Level 4.8 Unarmed Combat


You had 6 spell levels left.
You didn't know any spells.
Your spell library was empty.

Dungeon Overview and Level Annotations

Branches:
Dungeon (5/15)
 Temple: D:4-7

Altars:
Xom


Innate Abilities, Weirdness & Mutations

You have very sharp fingernails.
You are partially covered in molten scales. (AC +2)
A weak demonic guardian rushes to your aid.


Message History

Your quasit bites the jackal.
You kill the jackal!
Trog accepts your kill.
Your quasit claws the jackal.
You riposte.
The jackal is moderately wounded.
You kill the jackal!
Trog accepts your kill.
Trog will now gift you ammunition as you gain piety.
You feel sick.
Your quasit disappears in a puff of smoke!
You see here an arrow.
You feel a strong urge to attack something.
A jackal comes into view.
You feel your anger nearly subside.
You are no longer berserk.
You are exhausted.
You feel yourself slow down.
* * * LOW HITPOINT WARNING * * *
You feel sick.
You feel sick. The jackal bites you.
You die...

##............##...
###.......#..)...#...
#........####(.......
..#...........(......#.
.....................#.
................[......
............#.#........
.....)...h....#........
.........@.....[.......
#........#.#.......###
#.....<.####....####
.........# #.####
######.#.# ### #....#
......# ........
#.......


You could see a jackal.

Vanquished Creatures
  2 ogres (D:4)
  A centaur (D:5)
  A scorpion (D:4)
  An orc priest (D:4)
  A bullfrog skeleton (D:4)
  2 iguanas (D:4)
  2 worker ants
  A howler monkey zombie (D:4)
  A gnoll (D:1)
  6 adders
  An ooze (D:4)
  4 dart slugs
  4 leopard geckos
  9 orcs
  3 giant cockroaches
  2 goblins
  8 hobgoblins
  10 jackals
  10 kobolds
  2 quokkas
  3 ball pythons
  10 bats
  3 frilled lizards
  A quokka skeleton (D:4)
  9 rats
97 creatures vanquished.

Vanquished Creatures (collateral kills)
  The ghost of Unholydonuts the Magician, a novice DEFE (D:4)
  A phantom (D:4)
  A jackal (D:5)
  A quokka (D:4)
  A frilled lizard (D:4)
5 creatures vanquished.

Grand Total: 102 creatures vanquished

Notes
Turn   | Place    | Note
-------+----------+-------------------------------------------
     0 | D:1      | Infinimo the Demonspawn Berserker began the quest for the
                  | Orb.
     0 | D:1      | Reached XP level 1. HP: 18/18 MP: 1/1
    86 | D:1      | Gained mutation: You have sharp fingernails. [demonic
                  | ancestry]
    86 | D:1      | Reached XP level 2. HP: 16/24 MP: 2/2
   573 | D:1      | Reached XP level 3. HP: 29/29 MP: 3/3
  1589 | D:2      | Found a shimmering altar of Xom.
  1615 | D:2      | Gained mutation: You have very sharp fingernails. [demonic
                  | ancestry]
  1615 | D:2      | Reached XP level 4. HP: 35/35 MP: 4/4
  1650 | D:2      | Reached ** piety under Trog
  2594 | D:3      | Reached skill level 1 in Unarmed Combat
  3549 | D:4      | Reached skill level 4 in Fighting
  3549 | D:4      | Reached XP level 5. HP: 42/42 MP: 5/5
  3686 | D:4      | Noticed a phantom
  4120 | D:4      | Gained mutation: A weak demonic guardian rushes to your
                  | aid. [demonic ancestry]
  4120 | D:4      | Reached XP level 6. HP: 48/48 MP: 6/6
  4183 | D:4      | Noticed Unholydonuts's ghost (novice DEFE)
  4535 | D:4      | Found a transporter.
  4540 | D:4      | Found a transporter.
  4783 | D:4      | Gained mutation: You are partially covered in molten
                  | scales. (AC +2) [demonic ancestry]
  4783 | D:4      | Reached XP level 7. HP: 50/55 MP: 7/7
  4893 | D:4      | Killed Unholydonuts's ghost
  4893 | D:4      | Reached skill level 5 in Fighting
  5086 | D:5      | Entered Level 5 of the Dungeon
  5116 | D:5      | Reached *** piety under Trog
  5116 | D:5      | HP: 4/84 [poisoned by a worker ant]
  5123 | D:5      | HP: 2/56 [poisoned by a worker ant]
  5123 | D:5      | Slain by a jackal

Skill      XL: |  1  2  3  4  5  6  7 |
---------------+----------------------+-----
Long Blades    | 3 |  3.7
Armour         | 2 3 4 |  4.2
Unarmed Combat | 2 3 4 |  4.8
Fighting       | 4 5 |  5.2
Dodging        | |  1.7

Action                   |  1- 3 |  4- 6 |  7- 9 || total
-------------------------+-------+-------+-------++-------
Melee: Falchion          |   100 |    70 |       ||   170
       Long sword        |       |    55 |    24 ||    79
       Punch             |       |     2 |     1 ||     3
Invok: Berserk           |     5 |    10 |     2 ||    17
  Use: Scroll            |     3 |     7 |     2 ||    12
 Stab: Sleeping          |     3 |     2 |       ||     5
       Distracted        |     1 |     1 |     2 ||     4
  Eat: Chunk             |     6 |    13 |     3 ||    22
       Ration            |       |     2 |       ||     2
Armor: Animal skin       |    10 |    16 |    15 ||    41
Dodge: Dodged            |    80 |    69 |    13 ||   162
       Rpst.: Falchion   |    28 |    14 |       ||    42
       Long sword        |       |     5 |     4 ||     9
